 Dungeon Crawl Stone Soup version 0.30-a0-632-g346586fe48 (webtiles) character file.

Game seed: 10866149486635641464

63 Dirtsage the Changer (level 4, 0/28 HPs)
             Began as an Octopode Transmuter on Jan 13, 2023.
             Slain by an orc wizard
             ... wielding a +0 dagger
              (4 damage)
             ... on level 3 of the Dungeon on Jan 14, 2023.
             The game lasted 00:04:42 (1944 turns).

Dirtsage the Changer (Octopode Transmuter)          Turns: 1944, Time: 00:04:43

Health: 0/28       AC:  1    Str:  9    XL:     4   Next: 9%
Magic:  7/7        EV: 13    Int: 17    God:
Gold:   166        SH:  0    Dex: 12    Spells: 0/7 levels left

rFire   . . .      SeeInvis .      - Unarmed
rCold   . . .      Faith    .    (no shield)
rNeg    . . .      Spirit   .    e - +0 hat
rPois   .          Reflect  .    (no amulet)
rElec   .          Harm     .    (no ring)
rCorr   .          Rampage  .    (no ring)
Will    .....                    (no ring)
Stlth   ++                       (no ring)
HPRegen 0.24/turn                (no ring)
MPRegen 0.10/turn                (no ring)
                                 (no ring)
                                 (no ring)

@: no status effects
A: almost no armour, amphibious, 8 rings, camouflage 1, gelatinous body 1,
(nimble swimmer 1), tentacles
a: no special abilities


You were on level 3 of the Dungeon.
You visited 1 branch of the dungeon, and saw 4 of its levels.

You collected 166 gold pieces.

Inventory:

Armour
 e - a +0 hat (worn)
Magical Staves
 h - a staff of death
Wands
 i - a wand of quicksilver (12)
Scrolls
 c - a scroll of fog {unknown}
 f - a scroll of torment {unknown}
 g - a scroll of immolation {unknown}
 j - a scroll of amnesia {unknown}
 k - a scroll of enchant weapon {unknown}
 l - a scroll of blinking {unknown}
 m - a scroll of identify {unknown}
 n - a scroll of vulnerability {unknown}
Potions
 a - 2 potions of lignification
 d - a potion of brilliance {unknown}
 q - 2 potions of curing


   Skills:
 - Level 1.0 Fighting
 - Level 2.0 Dodging
 - Level 3.0 Unarmed Combat
 - Level 2.0 Spellcasting
 * Level 3.3 Transmutations
 * Level 2.3 Ice Magic


You couldn't memorise any spells.
You knew the following spells:

 Your Spells              Type           Power      Damage    Failure   Level
a - Beastly Appendage     Tmut           24%        N/A       4%          1
b - Wereblood             Tmut           12%        N/A       8%          2
c - Ice Form              Ice/Tmut       11%        N/A       52%         4

Your spell library contained the following spells:

 Spells                   Type           Power      Damage    Failure   Level
 Blink                    Tloc           2%         N/A       28%         2
 Sublimation of Blood     Necr           1%         N/A       28%         2
 Spider Form              Tmut/Pois      7%         N/A       30%         3
 Petrify                  Tmut/Erth      7%         N/A       69%         4
 Manifold Assault         Tloc           1%         N/A       88%         4
 Irradiate                Conj/Tmut      3%         3d12      95%         5
 Storm Form               Tmut/Air       3%         N/A       100%        7


Dungeon Overview and Level Annotations

Branches:
Dungeon (4/15)
 Temple: D:4-7

Altars:

Annotations:
D:3 Crownlay's ghost, amateur GrEE


Innate Abilities, Weirdness & Mutations

You cannot wear most types of armour.
You are amphibious.
You can wear up to eight rings at the same time.
Your skin changes colour to match your surroundings (Stealth+).
Your rubbery body absorbs attacks. (AC +1, EV +1)
((You are camouflaged when in or above water. (Stealth+)))
You have tentacles for arms and can constrict up to eight enemies at once.


Message History

You tentacle-slap the orc but do no damage.
The orc is heavily wounded.
You constrict the orc.
You tentacle-slap the orc but do no damage.
You pierce the orc, but do no damage.
The orc is severely wounded.
You constrict the orc.
You kill the orc!
Your tentacle spike disappears.
Your +0 hat unmelds from your body.
Things that are here:
a +0 whip; an orc corpse An orc comes into view.
It is wielding a +0 dagger.
Something hits you.
You take 2 damage, and have 12/28 hp.
Something hits you.
* * * LOW HITPOINT WARNING * * *
You take 3 damage, and have 9/28 hp.
You closely miss something. Something hits you.
* * * LOW HITPOINT WARNING * * *
You take 3 damage, and have 6/28 hp.
You tentacle-slap something. Your squeeze misses something. Something hits you.
* * * LOW HITPOINT WARNING * * *
You take 4 damage, and have 2/28 hp.
MP restored: 7 It was a potion of curing.
You feel better.
q - 2 potions of curing Something hits you.
You regained 8 hp, and now have 10/28 hp.
You tentacle-slap something.
You hear some strange, mumbled words.
Something tries to affect you, but you resist.
You closely miss something.
You hear some strange, mumbled words.
A magic dart appears from out of thin air!
The magic dart hits you!
* * * LOW HITPOINT WARNING * * *
You take 7 damage, and have 4/28 hp.
MASSIVE DAMAGE!!
You miss something. Something hits you.
You die...

#.#..# #.#.######
#.........# #...#####.### #
#............ .#
...>.......)##.# #######
.....<###.#....# #.).).#
.......##.#..########.###.#
#...#..##.......@{....###.#
....#.......................
........###.#....####.......
............####.# #........
.................#
#...$.o...
.................#
#.........#
#................# #.......
....####...[........ .......
....# #........####


There were no monsters in sight!

Vanquished Creatures
  3 worms (D:2)
  A dart slug (D:2)
  2 orcs (D:3)
  2 ball pythons (D:1)
  4 endoplasms
  6 goblins
  4 hobgoblins
  4 jackals (D:2)
  2 kobolds (D:2)
  3 quokkas
  4 bats
  5 frilled lizards
  5 rats
45 creatures vanquished.

Notes
Turn   | Place    | Note
-------+----------+-------------------------------------------
     0 | D:1      | Dirtsage the Octopode Transmuter began the quest for the
                  | Orb.
     0 | D:1      | Reached XP level 1. HP: 13/13 MP: 3/3
   301 | D:1      | Reached skill level 1 in Ice Magic
   301 | D:1      | Reached XP level 2. HP: 18/18 MP: 3/5
   842 | D:2      | Reached XP level 3. HP: 23/23 MP: 4/6
   887 | D:2      | Learned a level 2 spell: Wereblood
  1798 | D:3      | Reached XP level 4. HP: 18/28 MP: 7/7
  1806 | D:3      | Learned a level 4 spell: Ice Form
  1863 | D:3      | Noticed Crownlay's ghost (amateur GrEE)
  1863 | D:3      | You fall into a shaft and drop 1 floor!
  1870 | D:4      | Noticed a black bear
  1944 | D:3      | Slain by an orc wizard

Illustrated notes

Levels and vault maps discovered:
D:1:      dpeg_arrival_round_c, layout_basic, serial_rivers,
          chequers_serial_rivers_micro_b, chequers_serial_rivers_small_b,
          chequers_serial_rivers_small_3, chequers_serial_rivers_micro_d,
          chequers_serial_rivers_micro_a, chequers_serial_rivers_small_b
D:2:      layout_loops_corners, minivault_11, kennysheep_generic_room_15
D:3:      layout_basic, kennysheep_okawaru_gauntlet,
          hellmonk_ghost_happy_afterlife
D:4:      layout_cave_pools, amethyst_overflow_temple_binary, serial_shops,
          shop_statue, kennysheep_flooded_box, nicolae_nh_ransacked_shop,
          uniq_ijyb

Skill      XL: |  1  2  3 |
---------------+----------+-----
Ice Magic      | 1 2 |  2.3
Transmutations | 3 |  3.3
Fighting       | |  1.0
Dodging        | |  2.0
Unarmed Combat | |  3.0
Spellcasting   | |  2.0

Action                   |  1- 3 |  4- 6 || total
-------------------------+-------+-------++-------
Melee: Unarmed           |    85 |    15 ||   100
       Constrict         |    24 |     3 ||    27
       Kick              |    13 |     3 ||    16
       Tentacles         |    19 |     2 ||    21
       Punch             |     2 |       ||     2
 Cast: Beastly Appendage |    14 |     1 ||    15
       Wereblood         |     2 |       ||     2
  Use: Potion            |       |     1 ||     1
 Stab: Sleeping          |     3 |       ||     3
Armor: Skin              |     7 |       ||     7
Dodge: Dodged            |    50 |     3 ||    53

Table legend: (Time is in decaauts)
 A = Elapsed time spent in this place.
 B = Non-inter-level travel time spent in this place.
 C = Inter-level travel time spent in this place.
 D = Time resting spent in this place.
 E = Time spent auto-exploring this place.
 F = Levels seen in this place.
 G = Mean time per level.
                   A        B        C        D        E       F      G
               +--------+--------+--------+--------+--------+-----+--------+
         Total |   1937 |   1897 |     40 |      0 |   1594 |   4 |  484.2 |
       Dungeon |   1937 |   1897 |     40 |      0 |   1594 |   4 |  484.2 |
               +--------+--------+--------+--------+--------+-----+--------+

Top non-repeatable levels by time:
     D:2: 964 daAuts
     D:1: 778 daAuts
     D:3: 181 daAuts
     D:4: 12 daAuts
